 Dungeon Crawl Stone Soup version 0.28-a0-1429-gf3d713df7a (webtiles) character file.

Game seed: 4437766010763284927

11608 Deminshera the Fighter (level 11, -2/61 (63) HPs)
             Began as a Vine Stalker Brigand on Jan 8, 2022.
             Was an Elder of Uskayaw.
             Slain by a spectral centaur warrior (5 damage)
             ... in a Gauntlet.
             The game lasted 00:23:17 (12277 turns).

Deminshera the Fighter (Vine Stalker Brigand)      Turns: 12277, Time: 00:23:18

HP:   -2/61 (63)    AC: 12    Str: 16    XL:     11   Next: 80%
MP:   0/17          EV: 10    Int: 11    God:    Uskayaw [****..]
Gold: 355           SH:  5    Dex: 18    Spells: 10/10 levels left

rFire   + + .      SeeInvis +   i - +4 short sword (elec)
rCold   + . .      Faith    +   z - +0 buckler
rNeg    . . .      Spirit   +   x - +2 swamp dragon scales
rPois   +          Reflect  .   P - +1 hat {Stlth+}
rElec   +          Harm     .   c - +0 cloak
rCorr   +          Rampage  +   n - +0 pair of gloves
Will    ++...      NoTele   +   b - -1 pair of boots of Proximity {Rampage rF+ SInv}
Stlth   ++++......              D - amulet of faith
HPRegen 1.00/turn               j - ring of poison resistance
MPRegen 0.15/turn               t - ring of willpower

@: resistant, slowed, lightly drained, very slow
A: fangs 3, regeneration 1, magic shield, antimagic bite, no potion heal 2
a: Renounce Religion, Stomp, Line Pass


You were in a Gauntlet.
You worshipped Uskayaw.
Uskayaw was noncommittal.
You visited 2 branches of the dungeon, and saw 12 of its levels.
You also visited: Gauntlet.

You collected 590 gold pieces.
You spent 235 gold pieces at shops.

Inventory:

Hand Weapons
 i - a +4 short sword of electrocution (weapon)
 s - a +1 dagger of freezing
 y - the +8 flail of Taipt {venom, rPois}
   (You found it on level 5 of the Dungeon)

   It poisons the flesh of those it strikes.
   rPois:     It protects you from poison.
Missiles
 d - 31 poisoned darts
 e - 3 curare-tipped darts (quivered)
 C - 5 datura-tipped darts
 L - a throwing net
Armour
 b - the -1 pair of boots of Proximity (worn) {Rampage rF+ SInv}
   (You bought it in a shop on level 1 of the Dungeon)

   rF:        It protects you from fire.
   SInv:      It lets you see invisible.
   Rampage:   It bestows one free step when moving towards enemies.
 c - a +0 cloak (worn)
 f - +0 acid dragon scales
 n - a +0 pair of gloves (worn)
 x - +2 swamp dragon scales (worn)
 z - a +0 buckler (worn)
 P - a +1 hat of stealth (worn)
Jewellery
 j - a ring of poison resistance (left hand)
 t - a ring of willpower (right hand)
 D - an amulet of faith (around neck)
 E - a ring of protection from cold
 F - a ring of fire
Wands
 o - a wand of flame (39)
 B - a wand of paralysis (21)
 K - a wand of iceblast (5)
Scrolls
 h - 3 scrolls of noise
 m - a scroll of immolation
 u - 2 scrolls of fear
 v - 2 scrolls of amnesia
 w - a scroll of vulnerability
 A - a scroll of acquirement {unknown}
 I - 3 scrolls of fog
Potions
 a - 3 potions of curing
 g - 3 potions of cancellation
 p - a potion of might
 q - a potion of heal wounds {unknown}
 r - a potion of invisibility {unknown}
 G - a potion of mutation {unknown}
 H - 2 potions of lignification
 O - a potion of brilliance {unknown}


   Skills:
 - Level 10.0 Fighting
 - Level 7.5 Short Blades
 - Level 2.0 Throwing
 - Level 0.7 Dodging
 - Level 8.0 Stealth
 - Level 4.0 Shields
 + Level 7.6 Invocations
 + Level 7.1 Evocations


You had 10 spell levels left.
You didn't know any spells.
Your spell library contained the following spells:

 Spells                   Type           Power      Damage    Failure   Level
 Slow                     Hex            0%         N/A       65%         1
 Blink                    Tloc           0%         N/A       80%         2
 Conjure Flame            Conj/Fire      0%         6-21      95%         3
 Ignite Poison            Fire/Tmut/Pois 0%         N/A       95%         3
 Lesser Beckoning         Tloc           0%         N/A       95%         3
 Summon Guardian Golem    Hex/Summ       0%         N/A       95%         3
 Sticky Flame             Conj/Fire      0%         2d3       100%        4
 Fireball                 Conj/Fire      0%         3d3       100%        5
 Manifold Assault         Tloc           0%         N/A       100%        5
 Silence                  Hex/Air        0%         N/A       100%        5
 Orb of Destruction       Conj           0%         N/A       100%        7
 Spellforged Servitor     Conj/Summ      0%         N/A       100%        7
 Discord                  Hex            0%         N/A       100%        8


Dungeon Overview and Level Annotations

Branches:
Dungeon (11/15)            Temple (1/1) D:4            Lair (0/6) D:8
Gauntlet (1/1)
    Orc: D:9-12

Altars:
Ashenzari
Fedhas
Gozag
Makhleb
Ru
Sif Muna
Uskayaw
Vehumet
Wu Jian
Xom
Yredelemnul
Jiyva

Shops:
D:1 [!*:   D:5 *[[   D:8 (   D:11 *

Annotations:
D:5 exclusion: door
D:10 2 transporters Gauntlet 9 transporters, 2 runed translucent doors


Innate Abilities, Weirdness & Mutations

You have razor-sharp teeth.
Your natural rate of healing is unusually fast.
When hurt, damage is shared between your health and your magic reserves.
Your bite disrupts and absorbs the magic of your enemies.
Potions cannot restore your health.


Message History

The meliai zombie is no longer paralysed.
The spectral centaur warrior is no longer paralysed.
There is a transporter landing site here.
You have no ailments to cure.
Blink to where?
Press: ? - help, Dir - move target
As you read the scroll of blinking, it crumbles to dust.
The meliai zombie hits you!
* * * LOW HITPOINT WARNING * * *
The meliai zombie hits you.
* * * LOW HITPOINT WARNING * * *
Unknown command.
Okay, then.
Press: ? - help, v - describe, . - travel The floor.
Aiming: Paralyse
Press: ? - help, Shift-Dir - straight line, f - meliai zombie
Aim: a meliai zombie (lightly damaged, chance to affect: 74%)
The meliai zombie suddenly stops moving!
The spectral centaur warrior is no longer sharing its pain.
The helpless meliai zombie fails to defend itself.
You skewer the meliai zombie like a kebab!!!
You destroy the meliai zombie!
The spectral centaur warrior hits you but does no damage.
The spectral centaur warrior barely misses you.
Uskayaw will force your foes to share their pain.
Aiming: Paralyse
Press: ? - help, Shift-Dir - straight line, f - spectral centaur warrior
Aim: a spectral centaur warrior (infinite will)
Okay, then.
You block the spectral centaur warrior's attack.
The spectral centaur warrior kicks you.
* * * LOW HITPOINT WARNING * * *
You feel drained. The spectral centaur warrior hits you.
* * * LOW HITPOINT WARNING * * *
You feel drained. The spectral centaur warrior kicks you.
* * * LOW HITPOINT WARNING * * *
The spectral centaur warrior hits you!
You die...

..#.###.....#.#Y#...###.P.## .♣.#
..#.####.##.#.#YY##...#...≈##...#
P.#.#..†.##.#.#########.P.≈≈# # #
♣.#©#.#.©.#©#©#.........♣.≈##
..###.##....#.#########...##
....#.##.####.#.......#...≈##
≈...#.....###.#..#.#..#...≈≈#
≈≈..#########.#..#.#.!#.♣.≈##
###.........#©#.@#©#.©#.P.##
#≈..♣P♣P♣.###.Z#.#.[#...≈##
#≈≈..P.P....#..#.#.=#.P.≈≈#
####..PPPP♣.#.......#.♣.≈##
#≈..P.P..#########...##
#≈≈..................≈#
####≈≈≈#≈≈≈#≈≈≈#≈≈≈#≈≈≈#
##≈###≈###≈###≈###≈## ### ### ###
### ##


You could see a dire elephant, an elephant and a spectral centaur warrior.

Vanquished Creatures
  Harold (D:8)
  A hydra (D:11)
  A death knight (D:7)
  A centaur warrior (D:7)
  A two-headed ogre (D:8)
  A death drake (Gauntlet)
  The ghost of fritzmikael the Chopper, a novice MiGl of Cheibriados (D:6)
  An oklob plant (Gauntlet)
  A cyclops (D:7)
  Joseph (D:10)
  A moth of wrath (Gauntlet)
  An ice statue (D:9)
  2 unseen horrors
  A komodo dragon (D:8)
  2 trolls (D:7)
  A meliai zombie (Gauntlet)
  3 yaks (D:9)
  A steam dragon (D:9)
  An acid dragon (Gauntlet)
  2 black bears (D:6)
  A sky beast (D:7)
  An orc warrior (D:8)
  4 ogres
  3 centaurs
  3 wolves (Gauntlet)
  3 kobold brigands
  A phantom (D:6)
  4 bullfrogs
  2 scorpions
  A water moccasin zombie (D:6)
  A wyvern skeleton (D:7)
  6 wights
  4 killer bees (D:7)
  5 howler monkeys
  4 centaur zombies
  5 orc priests
  2 bullfrog zombies (D:7)
  4 hounds
  A jelly (D:6)
  A bullfrog skeleton (D:6)
  A gnoll shaman (D:5)
  4 iguanas
  10 orc wizards
  A scorpion zombie (D:5)
  Natasha (thrice) (D:2)
  A killer bee zombie (D:8)
  A hound zombie (D:5)
  A howler monkey zombie (D:9)
  9 gnolls
  10 adders
  A white imp (D:7)
  A worm (D:2)
  4 dart slugs
  28 orcs
  4 ball pythons
  5 endoplasms
  3 giant cockroaches
  4 goblins
  4 hobgoblins
  3 jackals (D:2)
  A quokka (D:1)
  2 bats (D:2)
  2 frilled lizards (D:1)
  16 kobolds
  4 rats
204 creatures vanquished.

Vanquished Creatures (others)
  A frilled lizard (D:2)
  A fungus (D:6)
  3 plants (D:8)
  5 toadstools (D:9)
10 creatures vanquished.

Grand Total: 214 creatures vanquished

Notes
Turn   | Place    | Note
-------+----------+-------------------------------------------
     0 | D:1      | Deminshera the Vine Stalker Brigand began the quest for the
                  | Orb.
     0 | D:1      | Reached XP level 1. HP: 11/11 MP: 2/2
     5 | D:1      | Found Gackuas's Distillery.
   165 | D:1      | Found Gareemechi's Book Boutique.
   325 | D:1      | Found Uliuxo Oxko's Antique Armour Shoppe.
   549 | D:1      | Found Nis Hiw's General Store.
   563 | D:1      | Reached skill level 5 in Stealth
   563 | D:1      | Reached XP level 2. HP: 15/15 MP: 3/3
   896 | D:1      | Reached skill level 2 in Fighting
  1424 | D:2      | Found a faded altar of an unknown god.
  1630 | D:2      | Found an opulent altar of Gozag.
  1639 | D:2      | Reached XP level 3. HP: 18/18 MP: 4/4
  1679 | D:2      | Noticed Natasha
  1691 | D:2      | Killed Natasha
  1900 | D:2      | Gained mutation: Your natural rate of healing is unusually
                  | fast. [Vine Stalker growth]
  1900 | D:2      | Reached XP level 4. HP: 23/23 MP: 5/5
  2035 | D:2      | Noticed Natasha
  2058 | D:2      | Killed Natasha
  2361 | D:2      | Found an opulent altar of Gozag.
  2382 | D:2      | Found a faded altar of an unknown god.
  2501 | D:2      | Noticed Natasha
  2509 | D:2      | Killed Natasha
  2510 | D:2      | Reached XP level 5. HP: 19/28 MP: 6/6
  2576 | D:2      | Found an opulent altar of Gozag.
  2597 | D:2      | Found a faded altar of an unknown god.
  3143 | D:3      | Reached skill level 3 in Fighting
  3363 | D:3      | Found a blossoming altar of Fedhas.
  3411 | D:3      | Found a broken altar of Ashenzari.
  4218 | D:4      | Reached XP level 6. HP: 32/32 MP: 7/7
  4339 | D:4      | Found a staircase to the Ecumenical Temple.
  4544 | Temple   | Entered the Ecumenical Temple
  4590 | Temple   | Became a worshipper of Uskayaw the Reveller
  4716 | D:4      | Reached * piety under Uskayaw
  5038 | D:5      | Entered Level 5 of the Dungeon
  5227 | D:5      | Reached ** piety under Uskayaw
  5479 | D:5      | Reached *** piety under Uskayaw
  5481 | D:5      | Reached skill level 4 in Fighting
  5507 | D:4      | Reached XP level 7. HP: 22/37 MP: 4/8
  5580 | D:5      | Found Bogoanta's Antique Armour Boutique.
  5804 | D:5      | Identified the +8 flail of Taipt {venom, rPois}
  5839 | D:5      | Reached **** piety under Uskayaw
  5981 | D:5      | Found Bonoad's Assorted Antiques.
  6035 | D:5      | Found a shimmering blue altar of Sif Muna.
  6147 | D:5      | Found Rili Leul's Armour Boutique.
  6155 | D:5      | Bought a +0 buckler for 58 gold pieces
  6202 | D:5      | Gained mutation: You have razor-sharp teeth. [Vine Stalker
                  | growth]
  6202 | D:5      | Reached XP level 8. HP: 42/42 MP: 9/9
  6247 | D:5      | Reached skill level 5 in Fighting
  6247 | D:5      | Reached skill level 5 in Short Blades
  6436 | D:6      | Reached skill level 1 in Shields
  6472 | D:6      | Found a runed translucent door.
  6476 | D:6      | Noticed fritzmikael's ghost (novice MiGl)
  6842 | D:1      | Bought the -1 pair of boots of Proximity {Rampage rF+ SInv}
                  | for 177 gold pieces
  7178 | D:6      | Found a basalt altar of Yredelemnul.
  7189 | D:6      | Reached skill level 6 in Fighting
  7189 | D:6      | Reached XP level 9. HP: 48/48 MP: 10/10
  7290 | D:6      | Reached ***** piety under Uskayaw
  7293 | D:6      | Killed fritzmikael's ghost
  7410 | D:6      | Reached skill level 7 in Fighting
  7990 | D:8      | Noticed a troll
  7990 | D:8      | Noticed a two-headed ogre
  8019 | D:7      | Killed a troll
  8020 | D:7      | Reached skill level 1 in Invocations
  8020 | D:7      | Reached skill level 1 in Evocations
  8093 | D:8      | Killed a two-headed ogre
  8094 | D:8      | Reached skill level 8 in Fighting
  8094 | D:8      | Reached XP level 10. HP: 19/56 MP: 7/13
  8282 | D:8      | Noticed a death knight
  8283 | D:8      | Noticed a centaur warrior
  8454 | D:7      | Killed a centaur warrior
  8543 | D:8      | Noticed Harold
  8546 | D:8      | HP: 1/57 [death knight (12)]
  8870 | D:8      | Noticed a cyclops
  8880 | D:8      | Noticed an unseen horror
  9061 | D:7      | Killed a death knight
  9287 | D:8      | Killed Harold
  9288 | D:8      | Reached skill level 9 in Fighting
  9288 | D:8      | Reached skill level 5 in Invocations
  9610 | D:7      | Killed a cyclops
  9611 | D:7      | Reached XP level 11. HP: 62/62 MP: 14/16
  9619 | D:8      | Reached skill level 5 in Evocations
  9839 | D:8      | Found a shimmering altar of Xom.
  9879 | D:8      | Found a staircase to the Lair.
  9932 | D:8      | Identified the amulet of Farackuq {RegenMP Rampage}
  9980 | D:8      | Found a radiant altar of Vehumet.
 10291 | D:8      | Found Ynuajunt's Antique Weapon Boutique.
 11197 | D:10     | Entered Level 10 of the Dungeon
 11215 | D:10     | Found a viscous altar of Jiyva.
 11216 | D:10     | Found a transporter.
 11249 | D:10     | Found a transporter.
 11302 | D:10     | Noticed Joseph
 11316 | D:10     | Killed Joseph
 11763 | D:11     | Found Ysuitaf's General Store.
 11823 | D:11     | Noticed a four-headed hydra
 11828 | D:11     | Killed a four-headed hydra
 11829 | D:11     | Reached skill level 10 in Fighting
 11877 | D:11     | Found a gate leading to a gauntlet.
 11885 | Gauntlet | Entered a Gauntlet
 11885 | Gauntlet | Noticed an oklob plant
 11885 | Gauntlet | Found a transporter.
 11893 | Gauntlet | Found a transporter.
 11895 | Gauntlet | Found a transporter.
 11902 | Gauntlet | Noticed a catoblepas
 11908 | Gauntlet | Found a transporter.
 11909 | Gauntlet | Found a transporter.
 11916 | Gauntlet | Found a transporter.
 11932 | Gauntlet | Found a transporter.
 11932 | Gauntlet | Noticed a hell beast
 11943 | Gauntlet | Found a transporter.
 11954 | Gauntlet | Found a transporter.
 11958 | Gauntlet | Noticed a death drake
 11969 | Gauntlet | Found a transporter.
 11980 | Gauntlet | Noticed a moth of wrath
 11984 | Gauntlet | Found a transporter.
 11986 | Gauntlet | Found a transporter.
 12024 | Gauntlet | Noticed a dire elephant
 12027 | Gauntlet | Found a transporter.
 12036 | Gauntlet | Found a runed translucent door.
 12041 | Gauntlet | Found a runed translucent door.
 12042 | Gauntlet | Found a transporter.
 12160 | Gauntlet | Killed an oklob plant
 12214 | Gauntlet | Killed a moth of wrath
 12222 | Gauntlet | Got the Incunabulum of Burning Execration
 12270 | Gauntlet | Killed a death drake
 12273 | Gauntlet | HP: 3/63 [meliai zombie (4)]
 12273 | Gauntlet | HP: 1/63 [meliai zombie (2)]
 12277 | Gauntlet | Slain by a spectral centaur warrior

Illustrated notes

Levels and vault maps discovered:
D:1:      scummos_arrival_star, layout_loops_corners, serial_aquarium,
          aquarium_bridge_long_joined [aquarium_subvault_window,
          aquarium_subvault_window, aquarium_subvault_wall,
          aquarium_subvault_balcony, aquarium_subvault_wall,
          aquarium_subvault_bridge], aquarium_bridge_square
          [aquarium_subvault_bridge, aquarium_subvault_wall,
          aquarium_subvault_bridge, aquarium_subvault_bridge],
          aquarium_window_1, aquarium_window_fake, aquarium_window_corner,
          aquarium_view_2e, aquarium_balcony_5b, serial_shops, shop, shop,
          nicolae_shop_crystal, nicolae_shop_statue_plus
D:2:      layout_basic, ebering_ecumenical_altar_rust, basic_altar,
          lemuel_old_faithful, uniq_natasha
D:3:      layout_basic, mainiacjoe_overflow_catch_the_wave, st_stairs_4
D:4:      layout_basic, minmay_temple_entry_poolview
D:5:      layout_loops_ring, led_sif_book, serial_shops,
          nicolae_shop_hallway_stairs, nicolae_shop_waterfront, shop_statue,
          serial_glass, glass_columns_a, glass_columns_b
D:6:      layout_rooms, mainiacjoe_overflow_alcove_4, ebering_ghost_sewer_d
D:7:      layout_gridville
D:8:      minmay_cut_squares, layout_basic, nicolae_vehumet_altar_sigil,
          xom_teletrap_fun, david_lair_shrubbed, serial_shops,
          nicolae_shop_statue_plus, small_chamber_with_monster, uniq_harold
D:9:      layout_irregular_city, minmay_gold_behind_fungi, minivault_16
D:10:     gammafunk_jiyva_shrine, layout_loops_ring, grunt_qazlal_clouds,
          tso_altar, uniq_joseph
D:11:     layout_basic, serial_curves, eino_curves_03, eino_curves_04,
          eino_curves_03, gauntlet_entry_generic, serial_shops, shop_statue,
          nicolae_stop_n_shop_2, nicolae_shop_behind_doors,
          kennysheep_decorative_pillar
Temple:   dpeg_chambers_temple
Gauntlet: minmay_gauntlet_77_tree [minmay_gauntlet_arena_77_fan,
          minmay_gauntlet_arena_77_p_blocks, minmay_gauntlet_arena_77_box,
          minmay_gauntlet_arena_77_chump_sandwich,
          minmay_gauntlet_arena_77_squiggly,
          minmay_gauntlet_arena_77_shame_cube,
          minmay_gauntlet_arena_77_broken_ladder, gauntlet_exit_watery]

Skill      XL: |  1  2  3  4  5  6  7  8  9 10 11 |
---------------+----------------------------------+-----
Stealth        | 5 6 7 8 |  8.0
Fighting       | 2 3 4 6 8 9 10 | 10.0
Short Blades   | 2 3 4 6 7 |  7.5
Throwing       | 2 |  2.0
Shields        | 3 4 |  4.0
Invocations    | 2 5 7 |  7.6
Evocations     | 2 4 7 |  7.1
Dodging        | |  0.7

Action                   |  1- 3 |  4- 6 |  7- 9 | 10-12 || total
-------------------------+-------+-------+-------+-------++-------
Melee: Dagger            |    78 |   170 |    33 |       ||   281
       Bite              |    21 |    50 |    66 |    82 ||   219
       Punch             |     1 |     2 |     3 |       ||     6
       Flail             |       |       |   173 |   175 ||   348
       Short sword       |       |       |       |    38 ||    38
Throw: Dart              |       |     8 |     4 |    21 ||    33
Invok: Stomp             |       |       |       |     1 ||     1
Evoke: Wand              |       |       |       |     1 ||     1
  Use: Scroll            |       |     2 |     5 |    14 ||    21
       Potion            |       |       |       |     1 ||     1
 Stab: Sleeping          |     2 |     7 |     9 |     4 ||    22
       Paralysed         |       |     1 |     6 |    21 ||    28
       Distracted        |       |       |       |     3 ||     3
Armor: Robe              |    23 |    26 |       |       ||    49
       Swamp dragon scal |       |    15 |    94 |   194 ||   303
       Acid dragon scale |       |       |       |     4 ||     4
Dodge: Dodged            |    38 |    80 |   117 |   178 ||   413
Block: Buckler           |       |       |    67 |    88 ||   155

Table legend: (Time is in decaauts)
 A = Elapsed time spent in this place.
 B = Non-inter-level travel time spent in this place.
 C = Inter-level travel time spent in this place.
 D = Time resting spent in this place.
 E = Time spent auto-exploring this place.
 F = Levels seen in this place.
 G = Mean time per level.
                   A        B        C        D        E       F      G
               +--------+--------+--------+--------+--------+-----+--------+
         Total |  12417 |  11538 |    879 |   2631 |   6313 |  13 |  955.2 |
       Dungeon |  11958 |  11092 |    866 |   2616 |   6068 |  11 | 1087.1 |
        Temple |     61 |     48 |     13 |      0 |     32 |   1 |   61.0 |
      Gauntlet |    397 |    397 |      0 |     15 |    213 |   1 |  397.0 |
               +--------+--------+--------+--------+--------+-----+--------+

Top non-repeatable levels by time:
     D:2: 2218 daAuts
     D:7: 1673 daAuts
     D:8: 1311 daAuts
     D:5: 1210 daAuts
     D:4: 1156 daAuts
     D:1: 1082 daAuts
     D:3: 967 daAuts
     D:6: 918 daAuts
     D:9: 719 daAuts
    D:10: 579 daAuts
Gauntlet: 397 daAuts
    D:11: 121 daAuts
  Temple: 61 daAuts
